 Dungeon Crawl Stone Soup version 0.22-a0-348-gd16d139 (webtiles) character file.

430 GameOver the Caller (level 6, 0/49 HPs)
             Began as a Naga Summoner on Apr 11, 2018.
             Shot with an arrow by a centaur (12 damage)
             ... on level 5 of the Dungeon.
             The game lasted 00:20:59 (2693 turns).

GameOver the Caller (Naga Summoner)                 Turns: 2693, Time: 00:21:00

Health: 0/49       AC:  3    Str: 10    XL:     6   Next: 99%
Magic:  7/9        EV: 10    Int: 18    God:
Gold:   166        SH:  0    Dex: 11    Spells: 1/9 levels left

rFire    . . .     SeeInvis +   s - +2 short sword (drain)
rCold    . . .     Gourm    .   (no shield)
rNeg     . . .     Faith    .   a - +0 robe
rPois    +         Spirit   .   (no helmet)
rElec    .         Reflect  .   g - scarf {cloud immunity}
rCorr    +         Harm     .   (no gloves)
MR       .....                  (no barding)
Stlth    +++.......             (no amulet)
HPRegen  0.16/turn              d - ring of resist corrosion
MPRegen  0.11/turn              (no ring)

@: very slow
A: large, see invisible, deformed body, poison resistance, slowness 2, slow
metabolism 1, spit poison 1, AC +2
a: Spit Poison


You were on level 5 of the Dungeon.
You were very hungry.

You visited 1 branch of the dungeon, and saw 5 of its levels.

You collected 166 gold pieces.

Inventory:

Hand Weapons
 s - a +2 short sword of draining (weapon)
 u - a +0 long sword
Armour
 a - a +0 robe (worn)
 f - a +0 leather armour
 g - a scarf of cloud immunity (worn)
 i - a +0 ring mail
Jewellery
 d - a ring of resist corrosion (left hand)
Scrolls
 e - 3 scrolls of identify {unknown}
 l - a scroll of enchant armour {unknown}
 n - a scroll of enchant weapon {unknown}
 p - 2 scrolls of teleportation {unknown}
 q - 3 scrolls of remove curse
 t - a scroll of fear {unknown}
Potions
 b - a potion of might {unknown}
 h - a potion of resistance {unknown}
 j - 2 potions of berserk rage {unknown}
 k - a potion of lignification {unknown}
 m - 2 potions of agility {unknown}
 o - a potion of ambrosia {unknown}
 r - 2 potions of curing {unknown}
 v - a potion of heal wounds {unknown}
Comestibles
 c - 11 rations


   Skills:
 + Level 3.1 Short Blades
 - Level 1.5 Dodging
 - Level 5.0 Stealth
 - Level 2.0 Spellcasting
 + Level 5.7 Summonings
 * Level 3.3 Air Magic


You had one spell level left.
You knew the following spells:

 Your Spells              Type           Power        Failure   Level  Hunger
a - Summon Small Mammal   Summ           ###.         1%          1    #......
q - Summon Lightning Spi  Summ/Air       ###.....     28%         4    #####..
w - Call Canine Familiar  Summ           ###.....     5%          3    ###....


Dungeon Overview and Level Annotations

Branches:
Dungeon (5/15)
 Temple: D:4-7

Altars:

Annotations:
D:3 Amnesiac's ghost, amateur DsFi


Innate Abilities, Weirdness & Mutations

You cannot wear boots.
Your serpentine skin is tough. (AC +2)
You have supernaturally acute eyesight. (SInv)
Armour fits poorly on your strangely shaped body.
Your system is resistant to poisons. (rPois)
You cover ground very slowly.
You have a slow metabolism.
You can spit poison.


Message History

Press: ? - help, Dir - move target cursor, f - centaur
Aim: a centaur Attack!
Your hound bites the centaur.
The centaur misses your hound.
Your hound bites the centaur.
The centaur wields an uncursed shortbow.
The centaur shoots an arrow.
The arrow misses your hound. The arrow hits you.
Your hound bites the centaur.
The centaur shoots an arrow.
The arrow hits your hound!
Okay, then.
Your hound bites the centaur.
The centaur shoots an arrow.
The arrow hits your hound.
Your hound bites the centaur.
The centaur shoots an arrow.
The arrow barely misses your hound. The arrow hits you!
* * * LOW HITPOINT WARNING * * *
Your hound bites the centaur but does no damage.
The centaur shoots an arrow.
The arrow hits your hound.
Your hound dies!
Your hound's corpse disappears in a puff of smoke!
The centaur shoots an arrow.
The arrow hits you!
You die...

.#
###.#
#<#c#
#.#.#
#.#.#
#@#.#
#ยง#.#
#.c.#
#####


You could see a centaur.

Vanquished Creatures
  Sigmund (D:3)
  A hound (D:4)
  An orc priest (D:2)
  3 worker ants (D:4)
  3 gnolls
  4 adders
  An ooze (D:4)
  4 dart slugs
  2 leopard geckos (D:3)
  An orc (D:2)
  3 giant cockroaches
  2 goblins
  3 hobgoblins (D:1)
  6 jackals
  A quokka (D:2)
  3 bats
  2 frilled lizards
  5 kobolds
  4 rats
50 creatures vanquished.

Vanquished Creatures (collateral kills)
  Natasha (D:3)
  A worker ant (D:4)
  4 gnolls
  3 adders
  An ooze (D:1)
  2 worms
  A leopard gecko (D:2)
  An orc (D:2)
  A ball python (D:1)
  3 bats
  3 goblins (D:3)
  3 hobgoblins
  2 jackals
  A kobold (D:2)
  A quokka skeleton (D:4)
  4 rats
32 creatures vanquished.

Grand Total: 82 creatures vanquished

Notes
Turn   | Place    | Note
-------+----------+-------------------------------------------
     0 | D:1      | GameOver the Naga Summoner began the quest for the Orb.
     0 | D:1      | Reached XP level 1. HP: 15/15 MP: 3/3
    99 | D:1      | Reached XP level 2. HP: 15/22 MP: 3/5
   479 | D:1      | Reached XP level 3. HP: 28/28 MP: 4/6
   611 | D:1      | Learned a level 3 spell: Call Canine Familiar
   783 | D:2      | Reached skill level 1 in Short Blades
   945 | D:2      | Reached XP level 4. HP: 19/36 MP: 3/7
  1162 | D:2      | Reached skill level 5 in Summonings
  1220 | D:2      | Reached XP level 5. HP: 41/42 MP: 1/8
  1431 | D:3      | Learned a level 4 spell: Summon Lightning Spire
  1544 | D:3      | Reached skill level 5 in Stealth
  1578 | D:3      | Noticed Sigmund
  1597 | D:3      | Killed Sigmund
  1597 | D:3      | Reached XP level 6. HP: 43/49 MP: 2/9
  1684 | D:3      | Noticed Natasha
  1697 | D:3      | Killed Natasha
  1876 | D:3      | Noticed Amnesiac's ghost (amateur DsFi)
  2233 | D:4      | Got a translucent spear
  2234 | D:4      | Identified the +6 spear "Faidepy" {antimagic, +Inv rC- MP+9 Str+4} (You found it on level 4 of the Dungeon)
  2679 | D:5      | Entered Level 5 of the Dungeon
  2693 | D:5      | Shot with an arrow by a centaur

Vault maps used:
D:1:      eino_arrival_water_cross, serial_glass, glass_columns_a,
          glass_columns_a, serial_park_tiny_pond
D:2:      roderic_cross_of_infinity
D:3:      first_ration, item_on_display_a, uniq_sigmund, uniq_natasha
D:5:      tso_altar, serial_shops, kennysheep_mini_moat,
          nicolae_shop_temple_entry_statues_fountains, shop, nicolae_shop_trees,
          shop

Skill      XL: |  1  2  3  4  5  6 |
---------------+-------------------+-----
Short Blades   | 1 2 3 |  3.1
Stealth        | 4 5 |  5.0
Summonings     | 5 |  5.7
Air Magic      | 2 3 |  3.3
Dodging        | |  1.5
Spellcasting   | |  2.0

Action                   |  1- 3 |  4- 6 || total
-------------------------+-------+-------++-------
Melee: Unarmed           |     2 |       ||     2
       Short sword       |    26 |    36 ||    62
       Mace              |     2 |       ||     2
 Cast: Summon Small Mamm |    13 |     6 ||    19
       Call Canine Famil |     3 |    17 ||    20
 Abil: Spit Poison       |    29 |    32 ||    61
  Use: Scroll            |     1 |     1 ||     2
 Stab: Distracted        |       |     1 ||     1
  Eat: Chunk             |     2 |     8 ||    10
Armor: Robe              |     5 |     9 ||    14
Dodge: Dodged            |    18 |    22 ||    40

Table legend:
 A = Spawn XP
 B = Non-spawn XP
 C = Spawn XP percentage of total XP
 D = Spawn monster count
 E = Non-spawn monster count
 F = Spawn count percentage of total count
 G = Total turns spent on level
                    A         B        C        D         E        F      G
               +---------+---------+-------+---------+---------+-------+---------
         Total |       0 |     615 |   0.0 |       0 |      82 |   0.0 |  2693
               +---------+---------+-------+---------+---------+-------+---------
           D:1 |       0 |      40 |   0.0 |       0 |      23 |   0.0 |   727
           D:2 |       0 |     129 |   0.0 |       0 |      21 |   0.0 |   718
           D:3 |       0 |     271 |   0.0 |       0 |      26 |   0.0 |   633
           D:4 |       0 |     175 |   0.0 |       0 |      12 |   0.0 |   601
               +---------+---------+-------+---------+---------+-------+---------
